AoeStats
← Jokerball

Nomad

509910994Analyzed
2v2 RM · 2d ago on Sep 28, 2026· 23m 6s· 4 players
Game mode
Random Map
Map size
176×176
Population
200
Speed
Normal
Resources
Standard
Victory
Conquest
Starting age
Dark Age
Ending age
Imperial Age
RankedLock teamsTeams togetherTeam positionsShared explorationLock speedFull tech treeHidden civsTurbo modeCheats
Victory
Defeat
🇩🇪 Bulgarians · Germany
1512
+19
🇩🇪 Portuguese · Germany
1480
+20
🇨🇿 Cumans · Czechia
1576
-19
🇨🇿 Goths · Czechia
1576
-20
Twicebow
5:09 Loom
12:48 Feudal Age
13:31 Town Watch
17:53 Castle Age
18:45 Scale Mail Armor
19:31 Chain Mail Armor
19:33 Town Watch
21:20 Forging
Jokerball
5:03 Loom
12:07 Feudal Age
15:45 Castle Age
14:34 Scale Barding Armor
15:20 Gold Mining
15:56 Bloodlines
19:51 Chain Barding Armor
20:08 Forging
19:56 Town Watch
22:12 Iron Casting
xberny
5:58 Loom
9:17 Loom
11:39 Feudal Age
12:39 Double-Bit Axe
23:02 Castle Age
22:00 Fletching
GoPlayTetris
12:36 Feudal Age
16:20 Castle Age
14:15 Double-Bit Axe
19:50 Loom
23:37 Husbandry
Connection lost

Rejoining the realm…

Still unreachable

The connection could not be restored.

Session expired

The server has moved on; the page needs a fresh start.